Map: [ESL] Babylon

Players

ShoWTimE

  • Race: Protoss Protoss
  • League: Grandmaster
  • Spawn Location: 5:00

Serral - Winner!

  • Race: Zerg Zerg
  • Spawn Location: 11:00

Event: HomeStory Cup XXIII

VOD

Have the link to the VOD?

Description

Time

  • Played on: July 1, 2023, 2:46 p.m.
  • Length: 20:30

All games in this series

Show
View Real Time Build Order
Export as new Build Order

ShoWTimE Protoss 

Build Orders: 1 Gate Expand, Oracle Opening 

Get SALT Encoding   

  12  0:00  Probe  
  13  0:12  Probe  
  14  0:17  Pylon  
  14  0:24  Probe (Chrono Boost)  
  15  0:36  Probe (Chrono Boost)  
  15  0:38  Gateway  
  16  0:44  Probe (Chrono Boost)  
  16  0:47  Assimilator  
  17  0:50  Probe  
  18  1:03  Probe  
  19  1:15  Probe  
  20  1:23  Nexus  
  20  1:33  Cybernetics Core  
  20  1:36  Probe  
  21  1:41  Assimilator  
  21  1:48  Probe  
  21  1:51  Pylon  
  22  2:00  Probe  
  23  2:07  Adept (Chrono Boost)  
  23  2:12  Probe  
  26  2:19  Stargate  
  26  2:24  Probe  
  26  2:27  Adept (Chrono Boost)  
  29  2:34  Warp Gate  
  29  2:35  Probe (Chrono Boost)  
  31  2:42  Probe (Chrono Boost)  
  32  2:45  Probe (Chrono Boost)  
  32  2:49  Probe (Chrono Boost), Adept  
  32  2:50  Probe (Chrono Boost)  
  35  2:57  Pylon  
  36  3:00  Probe  
  36  3:02  Probe  
  36  3:03  Oracle (Chrono Boost)  
  41  3:13  Probe  
  41  3:14  Probe  
  41  3:19  Adept  
  45  3:28  Gateway  
  45  3:31  Probe x2  
  45  3:34  Oracle (Chrono Boost)  
  46  3:46  Nexus  
  46  3:48  Probe  
  47  3:50  Probe  
  47  3:53  Pylon  
  48  4:00  Probe  
  48  4:02  Probe  
  50  4:04  Oracle (Chrono Boost)  
  50  4:09  Pylon  
  53  4:12  Probe  
  53  4:14  Probe, Assimilator  
  55  4:18  Assimilator  
  56  4:24  Probe  
  56  4:25  Adept x2  
  56  4:26  Probe  
  61  4:36  Probe  
  62  4:38  Probe  
  62  4:39  Robotics Facility  
  63  4:49  Probe, Forge  
  63  4:50  Probe, Gateway  
  63  5:01  Probe  
  63  5:02  Probe x2  
  64  5:08  Sentry  
  64  5:10  Sentry  
  64  5:13  Probe  
  65  5:15  Probe x2, Protoss Ground Weapons Level 1 (Chrono Boost)  
  65  5:19  Shield Battery  
  67  5:21  Pylon  
  67  5:25  Probe, Immortal (Chrono Boost)  
  67  5:27  Probe x2  
  74  5:37  Probe  
  74  5:38  Sentry  
  74  5:39  Probe x2, Zealot  
  74  5:42  Assimilator  
  81  5:44  Pylon  
  81  5:46  Assimilator  
  81  5:49  Probe  
  82  5:50  Gateway, Stalker  
  82  5:51  Probe x2  
  82  5:54  Warp Prism (Chrono Boost)  
  86  6:01  Probe  
  86  6:02  Pylon  
  86  6:03  Probe  
  90  6:05  Stalker, Sentry  
  90  6:10  Photon Cannon  
  94  6:14  Gateway  
  94  6:17  Twilight Council  
  94  6:21  Robotics Bay  
  94  6:22  Probe  
  94  6:23  Zealot  
  98  6:26  Observer (Chrono Boost)  
  98  6:31  Pylon  
  98  6:34  Stalker  
  98  6:35  Stalker  
  102  6:48  Stalker x2  
  104  6:55  Charge  
  102  7:01  Stalker x2  
  102  7:05  Protoss Ground Weapons Level 2 (Chrono Boost)  
  102  7:07  Disruptor (Chrono Boost)  
  102  7:08  Probe  
  100  7:12  Gateway  
  103  7:17  Dark Shrine, Gateway  
  103  7:18  Gateway  
  103  7:20  Gateway  
  103  7:24  Zealot x3  
  109  7:30  Pylon  
  109  7:32  Nexus  
  109  7:34  Photon Cannon  
  109  7:35  Probe x3  
  112  7:37  Disruptor (Chrono Boost)  
  112  7:43  Pylon  
  115  7:47  Zealot  
  115  7:49  Zealot x2  
  115  7:50  Pylon  
  121  7:51  Pylon, Shield Battery  
  121  7:55  Zealot  
  123  8:02  Pylon  
  123  8:03  Disruptor (Chrono Boost)  
  123  8:04  Photon Cannon  
  126  8:13  Probe x3  
  129  8:24  Assimilator  
  129  8:26  Assimilator  
  129  8:29  Gateway  
  129  8:30  Gateway  
  129  8:31  Dark Templar x4  
  137  8:34  Disruptor  
  137  8:35  Archon  
  137  8:36  Gateway  
  140  8:43  Dark Templar x3  
  144  8:49  Archon x2  
  144  8:50  Dark Templar  
  144  8:54  Probe x3  
  149  8:56  Dark Templar  
  149  8:58  Pylon  
  149  9:00  Pylon, Archon  
  151  9:08  Pylon  
  151  9:10  Pylon, Dark Templar x3  
  151  9:12  Dark Templar  
  151  9:13  Probe  
  160  9:23  Pylon  
  160  9:24  Archon  
  160  9:30  Dark Templar x3  
  162  9:33  Pylon  
  162  9:34  Archon x2  
  162  9:37  Archon  
  154  9:39  Photon Cannon  
  154  9:45  Probe x4  
  138  9:57  Probe x4  
  138  9:58  Dark Templar x4  
  143  10:03  Disruptor (Chrono Boost)  
  143  10:06  Archon x2  
  146  10:09  Probe x4  
  146  10:10  Zealot x4  
  154  10:18  Dark Templar x2  
  159  10:21  Probe x2  
  159  10:23  Archon  
  159  10:28  Probe  
  159  10:33  Probe x2  
  159  10:35  Nexus  
  160  10:39  Templar Archives  
  160  10:40  Probe  
  161  10:45  Probe  
  162  10:52  Stalker  
  162  10:53  Stalker x3  
  157  11:01  Zealot x4  
  148  11:06  Probe x2  
  148  11:07  Probe  
  149  11:15  Pylon  
  149  11:18  Probe x2  
  149  11:19  Probe  
  149  11:22  High Templar x6  
  149  11:25  Pylon  
  164  11:27  Archon x3  
  164  11:35  Photon Cannon  
  164  11:52  High Templar x3  
  164  11:53  Zealot x3  
  174  11:56  Probe, Archon  
  175  12:03  High Templar  
  175  12:07  Archon  
  175  12:08  Stalker x4  
  178  12:12  Stalker  
  178  12:14  Probe x2  
  178  12:15  Probe x2  
  137  12:21  Stalker x2  
  141  12:26  Probe x2  
  141  12:27  Probe x2  
  145  12:34  High Templar x2, Zealot x3  
  145  12:35  Zealot x2  
  159  12:38  Probe, Archon  
  160  12:45  High Templar x2  
  160  12:46  Zealot x3  
  170  12:51  Archon  
  162  13:12  High Templar x2  
  166  13:13  Zealot x8  
  166  13:17  Archon  
  166  13:18  High Templar x2  
  186  13:31  Archon  
  186  13:33  High Templar x2  
  186  13:34  Zealot x5  
  198  13:37  Archon  
  200  13:43  Protoss Shields Level 1 (Chrono Boost)  
  164  14:04  High Templar x4  
  164  14:05  Zealot x7  
  164  14:08  Archon x2  
  182  14:21  Zealot  
  172  14:32  Zealot x2  
  172  14:33  Zealot x5  
  162  14:39  Zealot x3  
  162  14:41  Immortal (Chrono Boost)  
  162  14:45  Zealot x2  
  166  14:46  Blink  
  160  14:57  High Templar x3  
  160  14:58  High Templar, Zealot x2  
  160  14:59  Zealot  
  174  15:01  Archon  
  174  15:02  Archon  
  174  15:03  Zealot x3  
  172  15:07  Zealot x2  
  172  15:12  Probe  
  149  15:17  Disruptor (Chrono Boost)  
  149  15:24  High Templar  
  149  15:25  High Templar, Zealot x4  
  161  15:29  Archon  
  161  15:34  Zealot x6  
  173  15:43  Immortal (Chrono Boost)  
  173  15:46  Protoss Ground Weapons Level 3 (Chrono Boost)  
  177  15:52  Pylon  
  177  15:53  Nexus  
  177  15:54  High Templar x3  
  177  15:55  High Templar, Zealot x6  
  197  16:04  Archon x2  
  179  16:05  Zealot x2  
  183  16:11  Disruptor (Chrono Boost)  
  183  16:18  High Templar x2  
  188  16:19  Zealot x4  
  188  16:23  Archon  
  188  16:24  Shield Battery  
  188  16:25  Shield Battery  
  198  16:31  Probe, Photon Cannon  
  199  16:34  Probe  
  196  16:40  Disruptor  
  189  16:55  Stalker x8  
  165  17:13  Stalker x4  
  173  17:20  High Templar x2  
  173  17:21  Zealot x5  
  177  17:25  Archon  
  144  17:32  Disruptor (Chrono Boost)  
  128  17:39  High Templar  
  128  17:46  High Templar  
  128  17:50  Zealot x6  
  128  17:51  Zealot, Archon  
  124  17:54  Dark Templar  
  124  17:57  Dark Templar  
  98  18:05  Dark Templar  
  93  18:30  High Templar x2, Zealot x5  
  93  18:31  Zealot x4  
  115  18:35  Archon x2  
  115  18:49  Disruptor (Chrono Boost)  
  118  19:00  Zealot x6  
  118  19:01  Zealot  
  116  19:28  High Templar x2, Zealot  
  116  19:29  Zealot x5  
  116  19:33  Archon  
  116  19:44  Zealot x3  
  111  19:55  Zealot x3  
  104  20:06  High Templar x2  
  103  20:11  High Templar, Archon  
  105  20:22  High Templar  
Show
View Real Time Build Order
Export as new Build Order

Serral Zerg - Winner!

Build Orders: Hatch First 

Get SALT Encoding   

  12  0:00  Drone  
  13  0:11  Overlord  
  13  0:16  Drone  
  14  0:30  Drone x2  
  16  0:48  Hatchery  
  15  0:51  Drone  
  15  0:55  Drone  
  17  0:58  Drone  
  18  1:09  Extractor  
  17  1:14  Spawning Pool  
  17  1:16  Drone  
  17  1:20  Drone  
  18  1:27  Drone  
  19  1:39  Drone  
  20  1:49  Overlord  
  20  2:00  Queen x2  
  24  2:01  Zergling x4  
  26  2:10  Drone  
  26  2:12  Drone, Metabolic Boost  
  28  2:20  Drone  
  28  2:21  Drone  
  30  2:35  Hatchery  
  29  2:41  Queen  
  29  2:44  Drone  
  32  2:45  Drone  
  33  2:52  Overlord  
  33  2:55  Zergling x2  
  33  2:57  Drone  
  34  3:00  Zergling x2  
  34  3:04  Overlord  
  35  3:11  Drone x4  
  39  3:16  Queen  
  41  3:26  Drone x3  
  41  3:29  Drone  
  41  3:34  Queen  
  42  3:37  Drone  
  42  3:40  Drone x2  
  47  3:44  Drone x2  
  47  3:47  Overlord  
  49  3:50  Drone x2  
  49  3:54  Queen  
  53  3:58  Drone, Spore Crawler  
  53  4:00  Drone  
  54  4:04  Spore Crawler  
  54  4:08  Zergling x2  
  54  4:10  Drone x3  
  54  4:11  Drone  
  54  4:13  Zergling x2  
  54  4:14  Drone  
  60  4:21  Queen  
  62  4:24  Drone x4  
  62  4:28  Overlord  
  66  4:32  Overlord  
  66  4:33  Drone  
  66  4:35  Drone  
  64  4:39  Drone x2  
  64  4:45  Overlord  
  66  4:46  Overlord  
  66  4:47  Zergling x4  
  66  4:50  Zergling x2  
  67  4:53  Drone  
  67  4:54  Drone x3  
  67  4:58  Drone  
  67  4:59  Drone x2  
  73  5:03  Drone x2  
  71  5:07  Drone x2  
  71  5:11  Drone  
  72  5:16  Lair  
  72  5:17  Drone x3  
  72  5:20  Evolution Chamber  
  74  5:23  Extractor, Roach Warren  
  74  5:24  Drone x2  
  74  5:25  Drone  
  76  5:29  Drone x4  
  80  5:36  Hatchery  
  80  5:39  Drone x3  
  80  5:40  Drone  
  81  5:43  Drone  
  81  5:44  Drone x2  
  81  5:47  Extractor  
  81  5:49  Drone x4, Evolution Chamber  
  86  5:54  Drone x3  
  89  5:57  Extractor, Overlord  
  89  6:02  Roach x3  
  96  6:04  Roach  
  96  6:10  Drone x2  
  98  6:14  Extractor  
  98  6:15  Overlord x2  
  98  6:16  Roach x2  
  100  6:21  Roach  
  100  6:22  Roach  
  100  6:25  Overlord, Ravager  
  105  6:26  Overlord  
  105  6:28  Glial Reconstitution  
  105  6:30  Zerg Melee Weapons Level 1  
  105  6:34  Zergling x2  
  105  6:35  Zergling x6  
  108  6:40  Hatchery  
  108  6:44  Roach x2, Spore Crawler, Zergling x8  
  109  6:49  Ravager  
  109  6:50  Roach, Zergling x10  
  111  7:02  Roach x2, Zergling x8  
  117  7:10  Drone x6  
  117  7:11  Baneling Nest  
  120  7:17  Drone  
  120  7:18  Drone  
  120  7:19  Drone x3, Evolution Chamber  
  124  7:23  Overlord  
  124  7:25  Drone x4  
  128  7:31  Drone x3  
  128  7:32  Extractor x2  
  129  7:38  Drone x4  
  129  7:39  Overlord  
  129  7:41  Pneumatized Carapace  
  133  7:44  Drone  
  133  7:45  Drone x4  
  133  7:47  Queen  
  133  7:48  Overlord x3  
  133  7:50  Zerg Missile Weapons Level 1  
  140  7:57  Queen  
  142  8:00  Roach  
  142  8:01  Roach x5  
  142  8:04  Zergling x8  
  158  8:11  Zergling x2  
  158  8:12  Zergling x12  
  165  8:15  Centrifugal Hooks  
  165  8:19  Overlord x3  
  165  8:21  Roach x2  
  169  8:30  Zergling x10  
  169  8:33  Spore Crawler  
  172  8:44  Roach x6, Zergling x22  
  193  8:52  Queen  
  193  8:55  Roach x2, Zergling x2  
  200  8:56  Zerg Melee Weapons Level 2  
  200  9:00  Baneling x17  
  200  9:01  Spine Crawler  
  199  9:05  Baneling x9  
  199  9:06  Baneling x5  
  199  9:12  Zergling x2  
  199  9:15  Baneling x5  
  199  9:29  Zergling x6  
  197  9:33  Zergling x2  
  197  9:34  Zergling x4  
  182  9:48  Zergling x26  
  182  9:49  Zergling x12  
  182  9:51  Zergling x16  
  199  9:55  Zerg Missile Weapons Level 2  
  199  9:59  Baneling x13  
  193  10:02  Ravager x2  
  193  10:03  Ravager x2  
  193  10:06  Zergling x8, Infestation Pit  
  200  10:08  Baneling x25  
  190  10:31  Zergling x26  
  190  10:35  Baneling x15  
  199  10:36  Hatchery  
  199  10:42  Hive  
  194  10:49  Zergling x12  
  167  10:57  Roach x8, Zergling x12  
  167  10:58  Zergling x10  
  167  11:03  Roach  
  167  11:04  Roach x2  
  176  11:06  Roach  
  175  11:12  Baneling x7  
  175  11:13  Baneling x9  
  175  11:18  Baneling x4  
  175  11:19  Baneling x3  
  175  11:23  Zergling x16  
  175  11:24  Zergling x10  
  188  11:27  Drone  
  188  11:28  Drone x2  
  188  11:29  Zergling x10  
  188  11:31  Baneling  
  188  11:32  Baneling x9  
  196  11:36  Zergling x6  
  199  11:58  Zerg Melee Weapons Level 3  
  191  12:05  Adrenal Glands  
  191  12:06  Zergling x40  
  191  12:07  Zergling x2  
  194  12:12  Zergling x16  
  179  12:18  Zergling x4  
  179  12:20  Ravager  
  179  12:21  Baneling x19  
  182  12:26  Extractor, Drone x3, Spore Crawler  
  182  12:27  Zergling x14  
  190  12:35  Zerg Ground Armor Level 1  
  190  12:37  Zergling x12  
  196  12:38  Hatchery  
  196  12:42  Zergling x8  
  196  12:43  Zergling x2  
  200  12:50  Baneling  
  200  12:51  Baneling x11  
  199  12:56  Zergling x4  
  199  13:03  Baneling x4  
  183  13:13  Zergling x34  
  183  13:18  Baneling x22  
  199  13:25  Zergling x6  
  200  13:37  Baneling x9  
  200  13:50  Baneling x18  
  200  13:53  Overlord x2  
  196  14:01  Zergling x30  
  193  14:15  Overlord  
  193  14:16  Overlord x2  
  193  14:20  Zergling x24  
  198  14:28  Zergling x20  
  198  14:31  Zergling x16  
  189  14:36  Zergling x6  
  189  14:38  Zergling x6  
  172  14:43  Roach x3  
  172  14:45  Roach  
  157  14:47  Roach x2  
  154  14:53  Baneling x20  
  154  14:55  Roach x11  
  154  14:56  Zerg Missile Weapons Level 3, Zerg Ground Armor Level 2  
  176  15:05  Zergling x8  
  176  15:06  Zergling x2  
  176  15:09  Hatchery  
  167  15:18  Roach x5, Zergling x4  
  167  15:19  Roach x2  
  166  15:26  Roach x2  
  166  15:28  Zergling x10  
  175  15:39  Viper x2  
  175  15:41  Zergling x8  
  175  15:42  Zergling x6  
  188  15:50  Zergling x2  
  188  15:51  Overlord x2  
  187  16:01  Zergling x6  
  187  16:02  Zergling x24  
  187  16:13  Zergling x22  
  198  16:23  Baneling x11  
  198  16:36  Baneling x11  
  198  16:38  Drone  
  198  16:50  Zergling x22  
  198  17:01  Zergling x30  
  196  17:04  Zergling x4  
  194  17:13  Baneling x6  
  194  17:16  Roach x3  
  189  17:23  Zergling x16  
  189  17:27  Zergling x4  
  189  17:28  Zergling x2  
  172  17:37  Zergling x14  
  179  17:50  Zergling x6  
  179  17:51  Zergling x8  
  174  17:57  Zergling x4  
  174  17:58  Zergling x6  
  174  18:06  Overseer  
  170  18:14  Zergling x14  
  171  18:33  Drone x7  
  178  18:37  Overseer  
  180  18:41  Roach x3  
  182  18:59  Roach x7  
  191  19:19  Roach x2  
  179  19:34  Drone  
  179  19:36  Zergling x32  
  196  19:40  Overlord  
  196  19:43  Hatchery  
  195  19:46  Hatchery  
  192  20:00  Zergling x14  
Tags
 
Add a new tag
Caveats
  • Supply blocks, unpowered buildings, or Contaminate may cause inaccurate times.
  • Supply counts are checked every 10 seconds.